 Dungeon Crawl Stone Soup version 0.30.1-10-g1249ef9ec4 (webtiles) character file.

Game seed: 9857133208498907184

28 qax the Sneak (level 3, -1/22 HPs)
             Began as a Kobold Brigand on Oct 26, 2023.
             Slain by a cerulean imp
             ... wielding a +2 spear
             ... summoned by Natasha
              (3 damage)
             ... on level 2 of the Dungeon.
             The game lasted 00:01:17 (1299 turns).

qax the Sneak (Kobold Brigand)                      Turns: 1299, Time: 00:01:18

Health: -1/22      AC:  3    Str:  8    XL:     3   Next: 27%
Magic:  12/12      EV: 14    Int: 12    God:
Gold:   79         SH:  0    Dex: 18    Spells: 2/2 levels left

rFire   . . .        a - +2 dagger
rCold   . . .        (no shield)
rNeg    . . .        b - +0 robe
rPois   .            (no helmet)
rElec   .            c - +0 cloak
rCorr   .            (no gloves)
SInv    .            (no boots)
Will    .....        (no amulet)
Stlth   ++++         i - ring of magical power
HPRegen 0.23/turn    (no ring)
MPRegen 0.13/turn

%: no passive effects
@: slowed, very slow
A: small, no large weapons, nightstalker 3
a: no special abilities


You were on level 2 of the Dungeon.
You visited 1 branch of the dungeon, and saw 2 of its levels.

You collected 79 gold pieces.

Inventory:

Hand Weapons
 a - a +2 dagger (weapon)
Missiles
 d - 21 poisoned darts (quivered)
 e - 3 curare-tipped darts
Armour
 b - a +0 robe (worn)
 c - a +0 cloak (worn)
Jewellery
 i - a ring of magical power (left hand)
Scrolls
 k - 2 scrolls of identify {unknown}
 m - a scroll of teleportation {unknown}
 n - a scroll of fear {unknown}
Potions
 f - 2 potions of curing {unknown}
 g - a potion of brilliance {unknown}
 h - a potion of haste {unknown}
 j - a potion of attraction {unknown}
 l - a potion of mutation {unknown}


   Skills:
 + Level 2.4 Fighting
 + Level 3.2 Short Blades
 + Level 2.2 Throwing
 + Level 1.2 Dodging
 + Level 6.3 Stealth


You had 2 spell levels left.
You didn't know any spells.
Your spell library was empty.

Dungeon Overview and Level Annotations

Branches:
Dungeon (2/15)

Altars:

Annotations:
D:2 Natasha


Innate Abilities, Weirdness & Mutations

You are small and have problems with some larger weapons.
You are completely attuned to the shadows.


Message History

You are too injured to fight recklessly!
You are too injured to fight recklessly!
You are too injured to fight recklessly!
You are too injured to fight recklessly!
You are too injured to fight recklessly!
You are too injured to fight recklessly!
You are too injured to fight recklessly!
You are too injured to fight recklessly!
You are too injured to fight recklessly!
You are too injured to fight recklessly!
You are too injured to fight recklessly!
You are too injured to fight recklessly!
You are too injured to fight recklessly!
You are too injured to fight recklessly!
You are too injured to fight recklessly!
You are too injured to fight recklessly!
You are too injured to fight recklessly!
You hit Natasha.
Natasha is severely wounded.
Natasha closely misses you.
You hit Natasha.
Natasha is almost dead.
Natasha casts a spell.
You hit Natasha but do no damage.
Natasha is almost dead.
Natasha casts a spell.
The cerulean imp closely misses you.
Natasha mumbles some strange words.
You completely miss Natasha.
Natasha is almost dead.
The cerulean imp hits you from afar with a +1 spear.
Natasha zaps a wand.
The puff of flame misses you.
The cerulean imp hits you from afar with a +2 spear.
* * * LOW HITPOINT WARNING * * *
The cerulean imp hits you but does no damage.
You hit Natasha but do no damage.
Natasha is almost dead.
The cerulean imp misses you. x2; Natasha barely misses you.
The cerulean imp hits you from afar with a +2 spear.
You die...

# # # # ####### #
######.....# ######
#...5......# #...[.
#5.h.5.....# #.####
#..@.......####.....
#..........'........
#..........######...
#..........# #.##
#..........# #.#
###########...######.##
+......................
#.........##.####......
#.........##.......#.##


You could see Natasha and 3 cerulean imps.

Vanquished Creatures
  A dart slug (D:1)
  9 ball pythons
  3 bats
  A giant cockroach (D:1)
  3 hobgoblins (D:1)
  A quokka (D:1)
  A frilled lizard (D:2)
  3 kobolds (D:1)
  A rat (D:2)
23 creatures vanquished.

Notes
Turn   | Place    | Note
-------+----------+-------------------------------------------
     0 | D:1      | qax the Kobold Brigand began the quest for the Orb.
     0 | D:1      | Reached XP level 1. HP: 12/12 MP: 1/1
   201 | D:1      | Reached XP level 2. HP: 11/17 MP: 2/2
   407 | D:1      | Reached skill level 6 in Stealth
   581 | D:1      | Reached XP level 3. HP: 22/22 MP: 3/3
  1065 | D:2      | Found a faded altar of an unknown god.
  1281 | D:2      | Noticed Natasha
  1299 | D:2      | Slain by a cerulean imp

Illustrated notes

Levels and vault maps discovered:
D:1:      dpeg_arrival_stonehenge_12_columns, layout_loops_corners
D:2:      layout_basic, nicolae_ecumenical_oubliette, minmay_joined_circles,
          uniq_natasha, uniq_terence

Skill      XL: |  1  2 |
---------------+-------+-----
Short Blades   | 3 |  3.2
Stealth        | 6 |  6.3
Fighting       | |  2.4
Throwing       | |  2.2
Dodging        | |  1.2

Action                     || total
---------------------------++-------
  Melee: Dagger            ||    47
   Stab: Sleeping          ||    16
 Armour: Robe              ||     8
  Dodge: Dodged            ||    18
